 Dungeon Crawl Stone Soup version 0.28-a0-909-g796cbd3a86 (webtiles) character file.

Game seed: 2238384918050571166

2888 ragingrage the Cleaver (level 9, 0/65 HPs)
             Began as a Palentonga Warper on Nov 24, 2021.
             Slain by a killer bee (8 damage)
             ... on level 8 of the Dungeon.
             The game lasted 00:12:16 (10557 turns).

ragingrage the Cleaver (Palentonga Warper)         Turns: 10557, Time: 00:12:17

Health: 0/65       AC: 13    Str: 14 (15) XL:     9   Next: 48%
Magic:  12/12      EV:  9    Int: 13 (14) God:
Gold:   369        SH:  0    Dex: 12      Spells: 10/12 levels left

rFire   . . .      SeeInvis +   a - +11 hunting sling of the Past {freeze, Drain rN++}
rCold   . . .      Faith    .   (no shield)
rNeg    + + .      Spirit   .   i - +1 leather armour
rPois   .          Reflect  .   F - +0 helmet
rElec   .          Harm     .   (no cloak)
rCorr   .          Rampage  .   (no gloves)
Will    +....                   (no barding)
Stlth   +.........              (no amulet)
HPRegen 0.20/turn               C - ring of willpower
MPRegen 0.13/turn               (no ring)

@: lethally poisoned (0 -> -2), curled up
A: large, rugged brown scales 3, see invisible, deformed body, roll 1, armoured
tail, reflexive curl
a: Rolling Charge


You were on level 8 of the Dungeon.
You visited 1 branch of the dungeon, and saw 8 of its levels.
You also visited: Sewer.

You collected 369 gold pieces.

Inventory:

Hand Weapons
 a - the +11 hunting sling of the Past (weapon) {freeze, Drain rN++}
   (You found it on level 5 of the Dungeon)

   Any ammunition fired from it freezes those it strikes, dealing additional
   cold damage.
   It can also slow down cold-blooded creatures.
   rN:        It greatly protects you from negative energy.
   Drain:     It drains your maximum health when unequipped.
 A - a +0 lajatang of electrocution
 B - a +2 vorpal hand axe
Missiles
 b - 2 throwing nets
 d - 2 boomerangs of dispersal
 f - a curare-tipped dart
 n - 19 poisoned darts
 x - 2 datura-tipped darts
 z - 83 stones (quivered ammo)
Armour
 e - a +2 hat
 i - a +1 leather armour (worn)
 F - a +0 helmet (worn)
Jewellery
 C - a ring of willpower (left hand)
Wands
 l - a wand of paralysis (10)
 H - a wand of flame (14)
Scrolls
 c - 6 scrolls of blinking
 j - a scroll of teleportation
 k - a scroll of enchant armour
 r - 3 scrolls of identify
 v - 4 scrolls of enchant weapon
 E - a scroll of magic mapping {unknown}
Potions
 g - 4 potions of heal wounds
 h - 3 potions of curing
 o - a potion of might
 p - 3 potions of haste
 q - 2 potions of mutation {unknown}
 s - 2 potions of resistance {unknown}
 t - a potion of cancellation {unknown}
 u - 2 potions of brilliance {unknown}
 w - 3 potions of flight
 D - a potion of berserk rage {unknown}
 G - a potion of attraction {unknown}
 I - a potion of ambrosia {unknown}


   Skills:
 - Level 2.0 Fighting
 * Level 11.9 Axes
 + Level 4.3 Throwing
 - Level 0.7 Armour
 - Level 1.5 Dodging
 - Level 2.0 Spellcasting
 - Level 3.0 Translocations


You had 10 spell levels left.
You knew the following spells:

 Your Spells              Type           Power      Damage    Failure   Level
a - Blink                 Tloc           18%        N/A       14%         2

Your spell library contained the following spells:

 Spells                   Type           Power      Damage    Failure   Level
 Gell's Gravitas          Tloc           9%         N/A       28%         3
 Lesser Beckoning         Tloc           9%         N/A       28%         3
 Teleport Other           Tloc           9%         N/A       28%         3
 Magic Dart               Conj           4%         1d3       32%         1
 Call Imp                 Summ           1%         N/A       43%         2
 Static Discharge         Conj/Air       1%         N/A       43%         2
 Mephitic Cloud           Conj/Pois/Air  1%         N/A       67%         3
 Manifold Assault         Tloc           9%         N/A       95%         5
 Animate Dead             Necr           0%         N/A       97%         4
 Dispel Undead            Necr           1%         3d6       97%         4
 Sticky Flame             Conj/Fire      1%         2d3       97%         4
 Alistair's Intoxication  Tmut/Pois      0%         N/A       100%        5
 Borgnjor's Vile Clutch   Necr/Erth      0%         N/A       100%        5
 Death Channel            Necr           0%         N/A       100%        6
 Eringya's Noxious Bog    Tmut/Pois      0%         N/A       100%        6


Dungeon Overview and Level Annotations

Branches:
Dungeon (8/15)             Temple (0/1) D:7            Lair (0/6) D:8
  Sewer (visited)

Altars:
Ashenzari
Gozag
Kikubaaqudgha
Nemelex Xobeh

Shops:
D:4 (


Innate Abilities, Weirdness & Mutations

You are completely covered in rugged brown scales. (AC +3, +7% HP)
You have supernaturally acute eyesight. (SInv)
Armour fits poorly on your strangely shaped body.
You can roll at nearby foes to attack.
You have a long armoured tail.
You curl defensively after being hit. (AC +7*)


Message History

The stone freezes the killer bee.
The killer bee is moderately wounded.
The killer bee barely misses you. x2
The killer bee stings you but does no damage.
Fire: 88 stones
Press: ? - help, Q - select action, (/) - cycle Shift-Dir - straight line, f/p - killer bee
Aim: a killer bee (moderately wounded, 50% to hit)
You shoot a stone.
The stone closely misses the killer bee.
The killer bee closely misses you. The killer bee barely misses you.
Fire: 87 stones
Press: ? - help, Q - select action, (/) - cycle Shift-Dir - straight line, f/p - killer bee
Aim: a killer bee (moderately wounded, 50% to hit)
You shoot a stone. The stone barely misses the killer bee.
The killer bee barely misses you. The killer bee stings you.
You are poisoned.
The killer bee poisons you!
Fire: 86 stones
Press: ? - help, Q - select action, (/) - cycle Shift-Dir - straight line, f/p - killer bee
Aim: a killer bee (moderately wounded, 50% to hit)
You shoot a stone. The stone misses the killer bee.
You feel sick. The killer bee stings you.
* * * LOW HITPOINT WARNING * * *
The killer bee closely misses you.
Fire: 85 stones
Press: ? - help, Q - select action, (/) - cycle Shift-Dir - straight line, f/p - killer bee
Aim: a killer bee (lightly wounded, 50% to hit)
You shoot a stone. The stone barely misses the killer bee.
You feel sick.
The killer bee stings you but does no damage.
The killer bee stings you!
* * * LOW HITPOINT WARNING * * *
Fire: 84 stones
Press: ? - help, Q - select action, (/) - cycle Shift-Dir - straight line, f/p - killer bee
Aim: a killer bee (lightly wounded, 50% to hit)
You shoot a stone. The stone hits the killer bee.
The stone freezes the killer bee.
The killer bee is heavily wounded.
You feel sick. The killer bee stings you!
You die...

.......#≈..P>P..≈#.#..###
##
#.##...#...PP....#.##..#
#.
#..###...##.P.##...###..#
##. ##..#.....#...#....#
...# #..
#.(....#...≈...#..# ..##
#.. ##......#######...#
.# ##.. ######## #.###
#... #(####..# ##...
#@y....# ##...# ####..##
###..### ## ##....#
##....## ##...### ##..###
#.### ###


You could see a killer bee.

Vanquished Creatures
  A wyvern (D:8)
  A steam dragon (D:8)
  2 water moccasins
  2 orc warriors (D:7)
  An ice beast (D:6)
  2 ogres
  3 centaurs
  2 kobold brigands
  2 bullfrogs
  2 scorpions
  A water moccasin skeleton (D:5)
  7 killer bees
  2 howler monkeys (D:7)
  A wight (D:8)
  A bullfrog zombie (D:5)
  3 centaur zombies
  2 orc priests (D:7)
  4 centaur skeletons
  2 hounds
  A bullfrog skeleton (D:6)
  2 iguanas
  2 orc wizards (D:7)
  2 hound skeletons (D:4)
  2 howler monkey zombies (D:8)
  4 gnolls (D:3)
  7 adders
  5 river rats (Sewer)
  A shadow imp (D:6)
  A white imp (D:7)
  3 adder skeletons
  3 worms
  2 dart slugs
  11 orcs
  9 endoplasms
  10 giant cockroaches
  6 goblins
  6 hobgoblins
  3 jackals (D:3)
  30 kobolds
  A quokka (D:1)
  11 ball pythons
  7 bats
  A frilled lizard (D:1)
  26 rats
197 creatures vanquished.

Notes
Turn   | Place    | Note
-------+----------+-------------------------------------------
     0 | D:1      | ragingrage the Palentonga Warper began the quest for the
                  | Orb.
     0 | D:1      | Reached XP level 1. HP: 17/17 MP: 3/3
   551 | D:1      | Found a faded altar of an unknown god.
   704 | D:1      | Reached XP level 2. HP: 23/23 MP: 5/5
   712 | D:1      | Learned a level 2 spell: Blink
   746 | D:1      | Reached skill level 3 in Axes
  1472 | D:2      | Reached XP level 3. HP: 12/28 MP: 6/6
  1920 | D:2      | Reached skill level 4 in Axes
  2511 | D:3      | Reached XP level 4. HP: 35/35 MP: 7/7
  2885 | D:3      | Found a glowing drain.
  2894 | D:3      | Reached skill level 5 in Axes
  2907 | Sewer    | Entered a sewer
  3239 | Sewer    | Reached XP level 5. HP: 32/40 MP: 8/8
  4333 | D:3      | Reached skill level 6 in Axes
  4776 | D:4      | Found Xitibi's Weapon Shop.
  4870 | D:4      | Reached XP level 6. HP: 36/47 MP: 9/9
  5590 | D:5      | Entered Level 5 of the Dungeon
  5600 | D:5      | Reached skill level 7 in Axes
  5713 | D:5      | Identified the +11 hunting sling of the Past {freeze, Drain
                  | rN++}
  6148 | D:5      | Gained mutation: You curl defensively after being hit. (AC
                  | +7*) [Palentonga growth]
  6148 | D:5      | Reached XP level 7. HP: 53/53 MP: 10/10
  6206 | D:5      | Reached skill level 8 in Axes
  6967 | D:6      | Reached skill level 9 in Axes
  6967 | D:6      | Reached skill level 1 in Throwing
  7168 | D:6      | Reached XP level 8. HP: 59/59 MP: 11/11
  7386 | D:6      | Found an ancient bone altar of Kikubaaqudgha.
  7386 | D:6      | Found a broken altar of Ashenzari.
  7525 | D:6      | Found a faded altar of an unknown god.
  7527 | D:6      | Found a sparkling altar of Nemelex Xobeh.
  7529 | D:6      | Found a faded altar of an unknown god.
  8113 | D:7      | Reached skill level 10 in Axes
  8942 | D:7      | Found an opulent altar of Gozag.
  9247 | D:7      | Reached skill level 11 in Axes
  9247 | D:7      | Reached XP level 9. HP: 50/65 MP: 12/12
  9672 | D:7      | Found a staircase to the Ecumenical Temple.
 10341 | D:8      | Found a staircase to the Lair.
 10557 | D:8      | Slain by a killer bee

Illustrated notes

Levels and vault maps discovered:
D:1:      amcnicky_arrival_double_pillar, layout_basic,
          ebering_ecumenical_altar_webs, minmay_misc_feat_ornament
D:2:      minmay_door_path, layout_rooms
D:3:      layout_basic, portal_sewer_entry_a, grunt_ministairs_1,
          kennysheep_another_room
D:4:      layout_loops_ring, serial_shops, shop
D:5:      layout_gridville
D:6:      layout_basic, chequers_temple_overflow_minitemple
D:7:      layout_loops_cross, mainiacjoe_overflow_alcove_1,
          minmay_temple_entry_poolview, enter_ossuary_2, grunt_ministairs_7
D:8:      layout_layer_cave, dpeg_oklobed_lair, minmay_misc_feat_enclosed,
          minmay_bent

Skill      XL: |  1  2  3  4  5  6  7  8  9 |
---------------+----------------------------+-----
Axes           | 3 4 5 6 7 9 11 | 11.9
Throwing       | 1 3 4 |  4.3
Fighting       | |  2.0
Armour         | |  0.7
Dodging        | |  1.5
Spellcasting   | |  2.0
Translocations | |  3.0

Action                   |  1- 3 |  4- 6 |  7- 9 || total
-------------------------+-------+-------+-------++-------
Melee: Hand axe          |   142 |    14 |       ||   156
       Tailslap          |    17 |    16 |       ||    33
       Rapier            |     1 |   194 |       ||   195
 Fire: Hunting sling     |       |    21 |   215 ||   236
Throw: Boomerang         |       |     3 |       ||     3
       Dart              |       |    10 |       ||    10
 Abil: Rolling Charge    |     2 |     6 |       ||     8
Evoke: Wand              |       |       |     2 ||     2
  Use: Scroll            |     2 |       |    11 ||    13
       Potion            |       |       |     4 ||     4
Armor: Leather armour    |    87 |   104 |    53 ||   244
Dodge: Dodged            |    70 |   124 |    74 ||   268

Table legend: (Time is in decaauts)
 A = Elapsed time spent in this place.
 B = Non-inter-level travel time spent in this place.
 C = Inter-level travel time spent in this place.
 D = Time resting spent in this place.
 E = Time spent auto-exploring this place.
 F = Levels seen in this place.
 G = Mean time per level.
                   A        B        C        D        E       F      G
               +--------+--------+--------+--------+--------+-----+--------+
         Total |  10672 |  10269 |    403 |   1772 |   6846 |   9 | 1185.8 |
       Dungeon |   9325 |   8922 |    403 |   1373 |   6199 |   8 | 1165.6 |
         Sewer |   1347 |   1347 |      0 |    399 |    647 |   1 | 1347.0 |
               +--------+--------+--------+--------+--------+-----+--------+

Top non-repeatable levels by time:
   Sewer: 1347 daAuts
     D:1: 1346 daAuts
     D:8: 1345 daAuts
     D:7: 1280 daAuts
     D:2: 1152 daAuts
     D:5: 1110 daAuts
     D:6: 1076 daAuts
     D:4: 1009 daAuts
     D:3: 1003 daAuts
